 Dungeon Crawl Stone Soup version 0.22-a0-322-g60b3cfd (webtiles) character file.

105 Amnesiac the Gusty (level 4, -12/27 HPs)
             Began as an Octopode Air Elementalist on Apr 3, 2018.
             Mangled by an orc wizard
             ... wielding a +0 dagger of electrocution
              (18 damage)
             ... on level 3 of the Dungeon.
             The game lasted 00:02:53 (2535 turns).

Amnesiac the Gusty (Octopode Air Elementalist)      Turns: 2535, Time: 00:02:54

Health: -12/27     AC:  1    Str:  7    XL:     4   Next: 81%
Magic:  8/8        EV: 13    Int: 18    God:
Gold:   158        SH:  0    Dex: 12    Spells: 4/9 levels left

rFire    + . .     SeeInvis .   (no weapon)
rCold    . . .     Gourm    .   (no shield)
rNeg     . . .     Faith    .   (helmet restricted)
rPois    .         Spirit   .   (no amulet)
rElec    .         Reflect  .   f - ring of fire
rCorr    .         Harm     .   h - ring of protection from cold
MR       .....                  (no ring)
Stlth    +++.......             (no ring)
HPRegen  0.09/turn              (no ring)
MPRegen  0.11/turn              (no ring)
                                (no ring)
                                (no ring)

@: no status effects
A: almost no armour, stealthy swim, amphibious, 8 rings, constrict 8, camouflage
1, gelatinous body 1
a: no special abilities


You were on level 3 of the Dungeon.
You were hungry.

You visited 1 branch of the dungeon, and saw 3 of its levels.

You collected 158 gold pieces.

Inventory:

Jewellery
 f - a ring of fire (left tentacle)
 h - a ring of protection from cold (right tentacle)
Scrolls
 c - 4 scrolls of identify {!r, unknown}
 d - 4 scrolls of teleportation {!r, unknown}
 e - a scroll of amnesia {!r, unknown}
 i - 4 scrolls of remove curse {!r, unknown}
 o - a scroll of fog {!r, unknown}
Potions
 a - 2 potions of magic {!q}
 g - a potion of mutation {!q, unknown}
 j - a potion of flight {!q, unknown}
 k - a potion of invisibility {!q, unknown}
 l - a potion of heal wounds {!q, unknown}
 m - a potion of degeneration {!q, unknown}
 p - a potion of lignification {!q, unknown}
Comestibles
 b - 3 rations
 n - 6 chunks of flesh


   Skills:
 - Level 2.0 Dodging
 - Level 2.6 Stealth
 + Level 3.0 Spellcasting
 - Level 1.0 Conjurations
 * Level 4.7 Air Magic


You had 4 spell levels left.
You knew the following spells:

 Your Spells              Type           Power        Failure   Level  Hunger
a - Shock                 Conj/Air       ##..         4%          1    None
d - Airstrike             Air            ###.......   22%         4    ####...


Dungeon Overview and Level Annotations

Branches:
Dungeon (3/15)

Altars:


Innate Abilities, Weirdness & Mutations

You cannot wear most types of armour.
You are very stealthy in the water. (Stealth+)
You are amphibious.
You can wear up to eight rings at the same time.
You can use your tentacles to constrict eight enemies at once.
Your skin changes colour to match your surroundings (Stealth+).
Your rubbery body absorbs attacks. (AC +1, EV +1)


Message History

You see here 15 stones.
Key pressed, stopping explore.
No target in view!
An orc comes into view. It is wielding a whip.
An orc comes into view. It is wielding a war axe.
The orc shouts! x2; You hear a shout!
The orc hits the plant but does no damage.
There are monsters nearby!
The orc throws a tomahawk.
The tomahawk hits you.
You see here a tomahawk.
You start resting.
The orc hits you with a whip.
You tentacle-slap the orc but do no damage.
You grab the orc. You constrict the orc. The orc misses you.
You tentacle-slap the orc but do no damage.
The orc is lightly wounded.
You constrict the orc, but do no damage.
The orc closely misses you.
You tentacle-slap the orc but do no damage.
The orc is lightly wounded.
You constrict the orc, but do no damage.
The orc barely misses you.
An orc wizard comes into view.
It is wielding a dagger of electrocution.
The orc wizard shouts!
You tentacle-slap the orc but do no damage.
The orc is lightly wounded.
You constrict the orc, but do no damage.
You are feeling hungry.
You hear a shout!
The orc struggles to escape constriction.
You hear an angry hiss.
An orc comes into view. It is wielding a trident.
You tentacle-slap the orc but do no damage.
The orc is lightly wounded.
You constrict the orc, but do no damage.
The orc struggles to escape constriction.
You tentacle-slap the orc but do no damage.
You squeeze the orc.
The orc is almost dead.
You constrict the orc.
You kill the orc!
You closely miss the orc.
The orc wizard looks braver for a moment.
Some of the chunks of flesh in your inventory have rotted away.
You tentacle-slap the orc. You grab the orc.
The orc is lightly wounded.
You constrict the orc, but do no damage.
The orc hits you with a war axe!
You tentacle-slap the orc but do no damage.
The orc is lightly wounded.
You constrict the orc, but do no damage.
The orc hits you with a war axe.
* * * LOW HITPOINT WARNING * * *
You tentacle-slap the orc but do no damage.
You kill the orc!
The orc hits you from afar with a trident.
* * * LOW HITPOINT WARNING * * *
Really quaff
a - 3 grey potions {!q}?
It was a potion of magic {!q}.
Magic courses through your body.
The orc wizard hits you with a dagger of electrocution.
* * * LOW HITPOINT WARNING * * *
You are electrocuted!
Ouch! That really hurt!
You die...

.# .# .# .##.# ###
##.##.# #### ###... #..
#.# #).. ...... #.# #.#
#.#.## .P..⌠.# #@# #.#
#.#.# o≈o.... #o# #.#
#.#.# .≈P....###o###.#
##.#.#
#..o()...#.######....#
##..##.......(.......##
##.##.#..#####......÷#
..##....#####.......#
..###.#.............)#
..# #.#####...........


You could see an orc wizard and an orc.

Vanquished Creatures
  A gnoll (D:1)
  5 adders
  An ooze (D:2)
  A leopard gecko (D:1)
  2 orcs (D:3)
  2 giant cockroaches
  9 goblins
  3 hobgoblins
  2 jackals (D:1)
  A kobold (D:2)
  A quokka (D:2)
  5 bats
  3 frilled lizards (D:2)
  8 rats
44 creatures vanquished.

Notes
Turn   | Place    | Note
-------+----------+-------------------------------------------
     0 | D:1      | Amnesiac the Octopode Air Elementalist began the quest for the Orb.
     0 | D:1      | Reached XP level 1. HP: 11/11 MP: 3/3
   343 | D:1      | Reached XP level 2. HP: 9/17 MP: 5/5
  1125 | D:2      | Reached XP level 3. HP: 18/21 MP: 6/6
  1577 | D:2      | Reached skill level 4 in Air Magic
  2032 | D:2      | Reached XP level 4. HP: 20/27 MP: 6/8
  2038 | D:2      | Learned a level 4 spell: Airstrike
  2535 | D:3      | Mangled by an orc wizard

Vault maps used:
D:1:      eino_arrival_water_star
D:2:      kennysheep_generic_room_2
D:3:      tso_oasis_becter, nicolae_ashenzari_panopticon

Skill      XL: |  1  2  3  4 |
---------------+-------------+-----
Air Magic      | 4 |  4.7
Spellcasting   | 3 |  3.0
Dodging        | |  2.0
Stealth        | |  2.6
Conjurations   | |  1.0

Action                   |  1- 3 |  4- 6 || total
-------------------------+-------+-------++-------
Melee: Unarmed           |   108 |    39 ||   147
       Tentacles         |    22 |     7 ||    29
       Constrict         |    29 |     6 ||    35
 Cast: Airstrike         |       |     2 ||     2
  Use: Potion            |       |     1 ||     1
 Stab: Sleeping          |    13 |     6 ||    19
  Eat: Chunk             |     3 |     2 ||     5
Armor: Skin              |    15 |       ||    15
Dodge: Dodged            |    63 |    26 ||    89

Table legend:
 A = Spawn XP
 B = Non-spawn XP
 C = Spawn XP percentage of total XP
 D = Spawn monster count
 E = Non-spawn monster count
 F = Spawn count percentage of total count
 G = Total turns spent on level
                    A         B        C        D         E        F      G
               +---------+---------+-------+---------+---------+-------+---------
         Total |       0 |     150 |   0.0 |       0 |      44 |   0.0 |  2535
               +---------+---------+-------+---------+---------+-------+---------
           D:1 |       0 |      39 |   0.0 |       0 |      15 |   0.0 |  1055
           D:2 |       0 |      73 |   0.0 |       0 |      21 |   0.0 |  1288
           D:3 |       0 |      38 |   0.0 |       0 |       8 |   0.0 |   192
               +---------+---------+-------+---------+---------+-------+---------
